 Dungeon Crawl Stone Soup version 0.16.1-30-g34a7ffa (webtiles) character file.

78 Yawgmoth the Skirmisher (level 4, -3/36 HPs)
             Began as a Demonspawn Berserker on June 14, 2015.
             Was a Follower of Trog.
             Slain by an orc
             ... wielding a +0 mace
              (5 damage)
             ... on level 2 of the Dungeon.
             The game lasted 00:08:04 (2138 turns).

Yawgmoth the Skirmisher (Demonspawn Berserker)      Turns: 2138, Time: 00:08:05

Health: -3/36      AC:  4    Str: 19    XL:     4   Next: 15%
Magic:  4/4        EV: 12    Int:  8    God:    Trog [*.....]
Gold:   192        SH:  0    Dex: 12    Spells: 0 memorised, 3 levels left

rFire  . . .     SeeInvis +     a - +0 spear
rCold  . . .     Clarity  .     b - +0 animal skin
rNeg   . . .     SustAb   .     (no shield)
rPois  .         Gourm    .     (no helmet)
rElec  .         Spirit   .     h - +0 cloak (curse)
rCorr  .         Warding  .     (no gloves)
rMut   .         Stasis   .     (no boots)
MR     .....                    (no amulet)
Stlth  +.........               (no ring)
                                t - ring of see invisible

@: exhausted, slowed, very slow, not resistant to hostile enchantments, very
unstealthy
A: icy blue scales 1, spiny 1
a: Burn Spellbooks, Berserk, Renounce Religion


You were on level 2 of the Dungeon.
You worshipped Trog.
Trog was aware of your devotion.
You were not hungry.

You visited 1 branch of the dungeon, and saw 3 of its levels.

You collected 192 gold pieces.

Inventory:

Hand weapons
 a - a +0 spear (weapon)
Missiles
 f - a javelin (quivered)
Armour
 b - a +0 animal skin (worn)
 h - a cursed +0 cloak (worn)
 p - a +0 leather armour
 r - a +0 ring mail
Jewellery
 t - a ring of see invisible (left hand)
Scrolls
 e - a scroll of identify {unknown}
 k - a scroll of blinking {unknown}
 l - a scroll of immolation {unknown}
 o - a scroll of enchant armour {unknown}
Potions
 g - a potion of invisibility {unknown}
 i - a potion of haste {unknown}
 j - 2 potions of restore abilities {unknown}
 m - a potion of lignification {unknown}
 n - 2 potions of brilliance {unknown}
 q - a potion of curing {unknown}
 s - a potion of flight {unknown}
 w - a potion of poison {unknown}
Comestibles
 c - 3 bread rations
 d - a slice of pizza
 u - a beef jerky
 v - a meat ration


   Skills:
 + Level 3.6 Fighting
 + Level 3.6 Polearms
 + Level 1.8 Armour
 + Level 2.4 Dodging


You had 3 spell levels left.
You didn't know any spells.

Dungeon Overview and Level Annotations

Branches:
Dungeon (3/15)

Altars:


Innate Abilities, Weirdness & Mutations

You are partially covered in icy blue scales (AC +1).
You are partially covered in sharp spines.


Message History

You barely miss the orc.
The orc is heavily wounded.
The orc closely misses you. x2
You hit the orc.
You kill the orc!
Trog accepts your kill. The orc misses you.
You hit the orc but do no damage.
The orc is heavily wounded.
The orc completely misses you. The orc barely misses you.
The orc is struck by your spines. The orc misses you.
You barely miss the orc.
The orc is almost dead.
The orc completely misses you. The orc hits you with a flail!
* * * LOW HITPOINT WARNING * * *
The orc barely misses you.
You closely miss the orc.
The orc is almost dead.
The orc closely misses you. The orc hits you with a mace.
You die...

###......#.##.#.#.#..............
#.#...#...#.#.#.#.......#####..
#.............#.#.......# #..
####.##...#.#.#.#.#####.#####.#
#.###.##...................# #.#
#........#.#####.#######
#.######...........(.#
#.....##..####.#######
#####.....o@oo.# ####.>######
#..# ####


You could see 3 orcs.

Vanquished Creatures
  An orc priest (D:3)
  2 adders (D:2)
  A giant gecko (D:2)
  An orc (D:2)
  A bat (D:2)
  6 goblins
  5 hobgoblins
  A ball python (D:2)
  2 giant newts
  2 jackals (D:2)
  A kobold (D:2)
  4 rats (D:2)
27 creatures vanquished.

Notes
Turn   | Place    | Note
--------------------------------------------------------------
     0 | D:1      | Yawgmoth, the Demonspawn Berserker, began the quest for the Orb.
     0 | D:1      | Reached XP level 1. HP: 18/18 MP: 1/1
   703 | D:1      | Gained mutation: You are partially covered in sharp spines. [demonic ancestry]
   703 | D:1      | Reached XP level 2. HP: 24/24 MP: 2/2
  1565 | D:2      | Reached XP level 3. HP: 27/29 MP: 3/3
  2124 | D:3      | Gained mutation: You are partially covered in icy blue scales (AC +1). [demonic ancestry]
  2124 | D:3      | Reached XP level 4. HP: 31/36 MP: 4/4
  2138 | D:2      | Slain by an orc

Action                   |  1- 3 |  4- 6 || total
-------------------------+-------+-------++-------
Melee: Spear             |    95 |    12 ||   107
Throw: Javelin           |     1 |       ||     1
Invok: Berserk           |     3 |       ||     3
  Use: Scroll            |     1 |       ||     1
  Eat: Chunk             |     3 |       ||     3
       Bread ration      |     1 |       ||     1
